drago, lawful male human Samurai ---- ----------- --.>-------- |.........| |..........| |.........| |.`-----.-.| |.........| |..|...|``.| |....<....| |.`.`.`...-| |.........| |.`..`..|..| |.........| |.----`.--.| |.........| |.....(.`|.-- |.........| |.---.-d....------------+| |...|`..-........^^^^^^^.| |.........---------------- -----..|..| ------- drago the Ronin Experience level: 4 Strength: 16 Dexterity: 16 Constitution: 17 Intelligence: 9 Wisdom: 10 Charisma: 9 Health: 42(42) Energy: 17(17) Def: 7 Gold: 1001 Moves: 3637 Dungeon seed: pkqHpcwcqNt2v0VQ Game ID: drago_1558165000 Your Inventory: Coins $ - 1001 gold pieces Weapons a - a blessed +0 katana (weapon in hand) b - a +0 wakizashi (alternate weapon; not wielded) c - a +0 yumi d - 18 +0 ya (in quiver) l - 8 +0 arrows m - 5 +0 daggers x - a +0 orcish dagger Armor e - an uncursed rustproof +0 splint mail (being worn) n - an uncursed +0 orcish helm (being worn) q - an uncursed +0 dwarvish cloak (being worn) Comestibles g - 4 uncursed gunyoki D - 4 uncursed slime molds Scrolls G - 2 uncursed scrolls of earth H - an uncursed scroll of blank paper Rings t - a cursed -1 ring of increase damage named cursed u - an uncursed ring of stealth E - a cursed ring of fire resistance named cursed K - an uncursed ring of slow digestion Wands B - a wand of speed monster (0:5) F - a wand of opening (0:4) J - a wand of speed monster (0:5) Tools o - a +0 pick-axe Gems r - an uncursed worthless piece of white glass y - an uncursed agate stone Spells and supernatural/magical abilities: Name Level Category Fail Memory W - pray for help -- divine ? -- Your skills at the end: Fighting Skills martial arts [Basic] Weapon Skills short sword [Basic] long sword [Basic] bow [Basic] Spellcasting Skills Final Attributes: You were piously aligned. You were invisible. You were fast. You were lucky. You survived. Vanquished creatures: a gnome lord a paper golem a giant ant a dwarf a homunculus a kobold lord an orc zombie 2 dwarf zombies a werejackal an acid blob 7 coyotes a gas spore a hobbit a large kobold 2 cave spiders a green mold a red mold 4 gnomes 2 garter snakes a gnome zombie a gecko 7 jackals a fox 3 kobolds 3 goblins 9 sewer rats 2 grid bugs 7 lichens 2 kobold zombies 7 newts 74 creatures vanquished. Voluntary challenges: You were an atheist. You used a wielded weapon 50 times, starting on turn 17. You read items or engraved 9 times, starting on turn 810. You never genocided any monsters. You never polymorphed an object. You never changed form. You used no wishes. You never split a pudding. You wrote Elbereth's name 6 times, starting on turn 1455. You violated your moral code, losing 19 points of alignment, starting on turn 1074. Dungeon overview: The Dungeons of Doom: levels 1 to 6 Level 1 a long staircase Level 2 stairs to The Gnomish Mines Level 3 Level 4 a general store, some fountains Level 5 many fountains Level 6 stairs to Sokoban The Gnomish Mines: Level 3 stairs to The Dungeons of Doom Sokoban: levels 4 to 5 Level 4 <- You were here Level 5 stairs to The Dungeons of Doom History has recorded: On T:1 you entered the Dungeons of Doom to retrieve the Amulet of Yendor! On T:627 you reached level 2 of The Dungeons of Doom. On T:714 you advanced to experience level 2. On T:961 you reached level 1 of The Gnomish Mines. On T:1053 you advanced to experience level 3. On T:1598 you reached level 3 of The Dungeons of Doom. On T:2247 you reached level 4 of The Dungeons of Doom. On T:2520 you advanced to experience level 4. On T:2649 you reached level 5 of The Dungeons of Doom. On T:2723 you reached level 6 of The Dungeons of Doom. On T:2954 you reached level 4 of Sokoban. On T:3376 you reached level 3 of Sokoban. Score breakdown: Gold: 1001 (10207 points) Experience: 4 levels ( 9649 points) Exploration: 6 levels ( 11.32%) ( 9302 points) Discoveries: 6 items ( 2.44%) ( 4685 points) Valuables value: (no points given unless you survive) Artifact value: 0 ( 0 points) Variety of kills: 30 monsters ( 7.87%) ( 8418 points) Turncount: 3637 turns ( -884 points) Survival: quit (score multiplied by 90%) Total score: 37239 Latest messages: Konnichi wa drago, the human Samurai, welcome back to NetHack! You are lucky! Full moon tonight. You displace Hachi. With great effort you move the boulder. You cannot pass that way. You displace Hachi. With great effort you move the boulder. The boulder falls into and plugs a hole in the floor! You stop. Hachi is in the way! You displace Hachi. You somehow know the layout of this place without exploring. You cannot pass that way. With great effort you move the boulder. You see here 2 candles. With great effort you move the boulder. Never mind. Final status: Sayonara drago the Samurai, quit... You quit in Sokoban on dungeon level 4 with 37239 points, and 1001 pieces of gold, after 3637 moves. You were level 4 with a maximum of 42 hit points when you quit.